 Dungeon Crawl Stone Soup version 0.21-a0-434-g806c6c2 (webtiles) character file.

9 slep the Charmwright (level 2, -1/23 HPs)
             Began as a Barachi Skald on Nov 9, 2017.
             Slain by a gnoll
             ... wielding a +0 whip
              (7 damage)
             ... on level 1 of the Dungeon.
             The game lasted 00:02:30 (170 turns).

slep the Charmwright (Barachi Skald)                 Turns: 170, Time: 00:02:30

Health: -1/23      AC:  2    Str: 12    XL:     2   Next: 12%
Magic:  5/5        EV: 12    Int: 13    God:
Gold:   31         SH:  0    Dex: 11    Spells: 4/5 levels left

rFire    . . .     SeeInvis .   a - +0 falchion
rCold    . . .     Gourm    .   (no shield)
rNeg     . . .     Faith    .   h - +0 robe {Archmagi}
rPois    .         Spirit   .   (no helmet)
rElec    .         Reflect  .   (no cloak)
rCorr    .         Harm     .   (no gloves)
MR       .....                  (no boots)
Stlth    +.........             (no amulet)
HPRegen  0.07/turn              (no ring)
MPRegen  0.09/turn              (no ring)

@: slow
A: +LOS, swims, slowness 1, strong legs 1
a: Hop


You were on level 1 of the Dungeon.
You were not hungry.

You visited 1 branch of the dungeon, and saw 1 of its levels.

You collected 31 gold pieces.

Inventory:

Hand Weapons
 a - a +0 falchion (weapon)
Armour
 b - a +0 leather armour
 h - a +0 robe of the Archmagi (worn)
Scrolls
 f - a scroll of teleportation {unknown}
 i - a scroll of identify {unknown}
Potions
 e - a potion of cancellation {unknown}
 j - a potion of invisibility {unknown}
Books
 c - a book of Battle

   Spells                             Type                      Level
   a - Infusion                       Charms                       1
   b - Shroud of Golubria             Charms/Translocation         2
   c - Song of Slaying                Charms                       2
   d - Spectral Weapon                Hexes/Charms                 3
   e - Regeneration                   Charms/Necromancy            3
Comestibles
 d - a bread ration
 g - a chunk of flesh


   Skills:
 + Level 2.4 Fighting
 + Level 2.5 Long Blades
 + Level 1.2 Armour
 + Level 2.1 Dodging
 + Level 2.2 Spellcasting
 + Level 3.8 Charms


You had 4 spell levels left.
You knew the following spells:

 Your Spells              Type           Power        Failure   Level  Hunger
a - Infusion              Chrm           ###.         4%          1    ##.....


Dungeon Overview and Level Annotations

Branches:
Dungeon (1/15)

Altars:
Ashenzari


Innate Abilities, Weirdness & Mutations

Shadows flee at your approach. (+LOS)
You can swim through water.
You cover ground slowly.
You can hop short distances.


Message History

Found 13 stones and a scroll labeled CICIT IHYRHIR.
Found a stone staircase leading down.
Found a meat ration.
A frilled lizard comes into view.
Found 8 gold pieces.
You hit the gnoll.
The gnoll is heavily wounded.
The gnoll closely misses you.
You completely miss the gnoll.
The gnoll is heavily wounded.
The gnoll closely misses you.
You riposte.
You hit the gnoll.
The gnoll is heavily wounded.
You closely miss the gnoll.
The gnoll is heavily wounded.
The gnoll hits you with a whip!
* * * LOW HITPOINT WARNING * * *
You hit the gnoll.
The gnoll is almost dead.
The gnoll hits you with a whip!
You die...

♣.....≈...$.
♣♣.....(...?...#
♣♣♣♣♣...............
...................#..##.
.......≈≈$...............
.....$.≈.........#......
........................
.≈.....g.........#.....
≈.≈....l@........#..##.##
#........................
..................## ..
#.................# #.
##.>..##.....>..#.# ###.
#%...#........##.# #...
#... #...#######.# #...
#... #...# #.# ##..# #..
.....# #.###..##


You could see a gnoll and a frilled lizard.

Vanquished Creatures
  A dart slug (D:1)
  A giant cockroach (D:1)
  A frilled lizard (D:1)
  3 kobolds (D:1)
  A rat (D:1)
7 creatures vanquished.

Notes
Turn   | Place    | Note
-------+----------+-------------------------------------------
     0 | D:1      | slep the Barachi Skald began the quest for the Orb.
     0 | D:1      | Reached XP level 1. HP: 17/17 MP: 3/3
    65 | D:1      | Found a shattered altar of Ashenzari.
    92 | D:1      | Reached XP level 2. HP: 12/23 MP: 0/5
   170 | D:1      | Slain by a gnoll

Vault maps used:
D:1:      evilmike_arrival_plus, kennysheep_decorative_pillar, ashenzari_altar_1

Action                   || total
-------------------------++-------
Melee: Falchion          ||    27
 Cast: Infusion          ||     2
Armor: Robe              ||     6
Dodge: Dodged            ||    13
       Rpst.: Falchion   ||     2

Table legend:
 A = Spawn XP
 B = Non-spawn XP
 C = Spawn XP percentage of total XP
 D = Spawn monster count
 E = Non-spawn monster count
 F = Spawn count percentage of total count
 G = Total turns spent on level
                    A         B        C        D         E        F      G
               +---------+---------+-------+---------+---------+-------+---------
         Total |       0 |      13 |   0.0 |       0 |       7 |   0.0 |   170
               +---------+---------+-------+---------+---------+-------+---------
           D:1 |       0 |      13 |   0.0 |       0 |       7 |   0.0 |   170
               +---------+---------+-------+---------+---------+-------+---------
